 Dungeon Crawl Stone Soup version 0.23.2-1-ga50397a6bc (webtiles) character file.

Game seed: 16500546834110101884

12619 LabCoat the Severer (level 11, 95/99 HPs)
             Began as a Hill Orc Fighter on May 19, 2019.
             Was a Follower of Trog.
             Quit the game on level 3 of the Lair of Beasts.
             The game lasted 00:43:34 (10041 turns).

LabCoat the Severer (Hill Orc Fighter)             Turns: 10041, Time: 00:43:35

Health: 95/99      AC: 24    Str: 22    XL:     11   Next: 96%
Magic:  11/11      EV:  7    Int:  8    God:    Trog [*.....]
Gold:   463        SH: 12    Dex: 18    Spells: 10/10 levels left

rFire    . . .     SeeInvis +   a - +0 war axe
rCold    . . .     Gourm    .   c - +0 shield
rNeg     + + .     Faith    .   V - +0 plate armour
rPois    +         Spirit   .   k - +0 helmet {SInv}
rElec    .         Reflect  .   m - +0 cloak
rCorr    .         Harm     .   n - +1 pair of gloves of the Armoured One {-Tele rPois MR- Dex+7}
MR       .....     NoTele   +   Q - +0 pair of boots
Stlth    ..........             z - amulet of the acrobat
HPRegen  0.26/turn              t - ring of Enwint {+Fly rN++ AC+4}
MPRegen  0.12/turn              I - ring of stealth

@: no status effects
A: no striking features
a: Berserk, Renounce Religion, Evoke Flight


You were on level 3 of the Lair of Beasts.
You worshipped Trog.
Trog was aware of your devotion.
You were not hungry.

You visited 3 branches of the dungeon, and saw 12 of its levels.

You collected 463 gold pieces.

Inventory:

Hand Weapons
 a - a +0 war axe (weapon)
 i - a +2 flail of crushing
Missiles
 x - 8 tomahawks (quivered)
Armour
 c - a +0 shield (worn)
 k - a +0 helmet of see invisible (worn)
 m - a +0 cloak (worn)
 n - the +1 pair of gloves of the Armoured One (worn) {-Tele rPois MR- Dex+7}
   (You found it on level 4 of the Dungeon)

   It affects your dexterity (+7).
   It protects you from poison.
   It affects your resistance to hostile enchantments.
   It prevents most forms of teleportation.
 Q - a +0 pair of boots (worn)
 V - a +0 plate armour (worn)
Jewellery
 t - the ring of Enwint (left hand) {+Fly rN++ AC+4}
   (You found it on level 4 of the Dungeon)

   [ring of protection]

   It affects your AC (+4).
   It greatly protects you from negative energy.
   It lets you fly.
 z - an amulet of the acrobat (around neck)
 B - an uncursed amulet of harm
 I - a ring of stealth (right hand)
 N - an uncursed amulet of faith
 O - an uncursed ring of fire
Wands
 h - a wand of acid (11)
 u - a wand of digging (14)
 A - a wand of paralysis (12)
 F - a wand of disintegration (23)
 J - a wand of polymorph (21)
 R - a wand of iceblast (13)
 T - a wand of random effects (15)
Scrolls
 o - 4 scrolls of remove curse
 r - a scroll of noise {unknown}
 w - a scroll of blinking {unknown}
 y - 5 scrolls of teleportation
 D - a scroll of fog
 G - a scroll of random uselessness {unknown}
 H - a scroll of amnesia
 L - 2 scrolls of enchant weapon {unknown}
 M - a scroll of holy word {unknown}
 P - a scroll of summoning {unknown}
 S - a scroll of fear {unknown}
 U - a scroll of identify
Potions
 b - 2 potions of agility
 d - a potion of might
 e - 3 potions of curing
 g - 2 potions of haste
 j - a potion of brilliance {unknown}
 l - a potion of cancellation {unknown}
 p - a potion of resistance {unknown}
 q - a potion of ambrosia {unknown}
 s - 2 potions of flight
 v - 3 potions of magic
 C - 2 potions of heal wounds {unknown}
 K - 2 potions of lignification {unknown}
Comestibles
 f - 13 rations


   Skills:
 + Level 10.0 Fighting
 * Level 15.2(15.3) Axes
 + Level 2.3(9.0) Maces & Flails
 + Level 2.1 Throwing
 + Level 8.7 Armour
 * Level 3.0 Dodging
 + Level 0.9 Stealth
 + Level 9.3 Shields


You had 10 spell levels left.
You didn't know any spells.
Your spell library contained the following spells:

 Spells                   Type           Power        Failure   Level  Hunger
 Confusing Touch          Hex            #.....       100%        1    ##.....
 Corona                   Hex            #......      100%        1    ##.....
 Magic Dart               Conj           #...         100%        1    ##.....
 Blink                    Tloc           N/A          100%        2    ###....
 Call Imp                 Summ           #.......     100%        2    ###....
 Corpse Rot               Necr           N/A          100%        2    ###....
 Ensorcelled Hibernation  Hex/Ice        #.....       100%        2    ###....
 Slow                     Hex            #.......     100%        2    ###....
 Sublimation of Blood     Necr           #.........   100%        2    ###....
 Confuse                  Hex            #.......     100%        3    ####...
 Conjure Flame            Conj/Fire      #.......     100%        3    ####...
 Dazzling Spray           Conj/Hex       #.....       100%        3    ####...
 Gell's Gravitas          Tloc           #.........   100%        3    ####...
 Mephitic Cloud           Conj/Pois/Air  #.......     100%        3    ####...
 Tukima's Dance           Hex            #.......     100%        3    ####...
 Petrify                  Tmut/Erth      #.......     100%        4    #####..
 Agony                    Necr           #.......     100%        5    ######.
 Bolt of Draining         Conj/Necr      #.........   100%        5    ######.
 Dispel Undead            Necr           #.......     100%        5    ######.
 Excruciating Wounds      Chrm/Necr      #.........   100%        5    ######.
 Metabolic Englaciation   Hex/Ice        #.........   100%        5    ######.
 Yara's Violent Unravell  Hex/Tmut       #.........   100%        5    ######.


Dungeon Overview and Level Annotations

Branches:
Dungeon (8/15)             Temple (1/1) D:6            Lair (3/6) D:8
  Swamp: Lair:2-4    Shoals: Lair:2-4     Snake: Lair:2-4    Spider: Lair:2-4

Altars:
Ashenzari
Cheibriados
Dithmenos
Elyvilon
Fedhas
Gozag
Hepliaklqana
Kikubaaqudgha
Makhleb
Nemelex Xobeh
Okawaru
Qazlal
Ru
Sif Muna
Trog
Uskayaw
Vehumet
Wu Jian
Xom
Yredelemnul
Zin
The Shining One

Shops:
D:4 *   D:6 (

Annotations:
Lair:1 exclusion: 3 oklob plants


Message History

The spiny frog is almost dead.
You miss the water moccasin.
The spiny frog stings you but does no damage.
The water moccasin bites you but does no damage.
You slash the spiny frog!
You kill the spiny frog!
Trog accepts your kill.
Your Fighting skill increases to level 10!
You slash the water moccasin! You block the water moccasin's attack.
Your plate armour prevents you from hitting the water moccasin.
The water moccasin is heavily wounded.
The water moccasin bites you but does no damage.
You block the water moccasin's attack.
You slash the water moccasin!
The water moccasin is almost dead.
The water moccasin completely misses you.
You hit the water moccasin.
You kill the water moccasin!
Trog accepts your kill.
Are you sure you want to abandon this character and quit the game? (Confirm with "yes".)

##.........
..........
..........
#.........
##.........
#..........
#P.†.......
#.@.......
#.........
#.<.......
#.........
#..........
##.........
..........
##.........
..........


There were no monsters in sight!

Vanquished Creatures
  Gastronok (Lair:2)
  A hydra (Lair:1)
  Nergalle (Lair:2)
  The ghost of Jabberih the Grappler, a novice DrTm of Fedhas (D:8)
  Joseph (D:8)
  A gargoyle (D:8)
  3 spiny frogs
  4 blink frogs (Lair:2)
  3 hippogriffs
  12 yaks
  2 hungry ghosts
  Menkaure (D:5)
  5 water moccasins
  Duvessa (D:6)
  2 porcupines
  5 ice beasts
  A sky beast (D:7)
  An orc warrior (D:6)
  3 phantoms
  2 ogres
  3 wolves (Lair:2)
  A necrophage (D:6)
  2 crocodiles
  2 centaurs
  9 bullfrogs
  Dowan (D:6)
  A scorpion (D:4)
  A wyvern skeleton (D:6)
  5 killer bees (D:7)
  2 howler monkeys (D:8)
  3 crimson imps
  A bullfrog zombie (D:8)
  4 hounds
  A wyvern simulacrum (D:8)
  A jelly (D:7)
  4 orc priests
  3 orc wizards
  An iguana (D:7)
  10 worker ants
  A bullfrog simulacrum (D:8)
  A centaur simulacrum (D:8)
  A howler monkey zombie (D:6)
  18 adders
  3 shadow imps
  2 white imps (D:8)
  An ooze (D:3)
  A worm (D:2)
  2 dart slugs
  2 leopard geckos
  26 orcs
  2 ball pythons
  6 giant cockroaches
  4 goblins
  4 hobgoblins
  9 jackals
  3 quokkas
  4 bats
  3 frilled lizards
  5 kobolds
  A leopard gecko skeleton (D:4)
  A quokka skeleton (D:6)
  3 rats (D:1)
  A fungus (Lair:1)
  A plant (Lair:2)
211 creatures vanquished.

Vanquished Creatures (others)
  2 fungi
2 creatures vanquished.

Grand Total: 213 creatures vanquished

Notes
Turn   | Place    | Note
-------+----------+-------------------------------------------
     0 | D:1      | LabCoat the Hill Orc Fighter began the quest for the Orb.
     0 | D:1      | Reached XP level 1. HP: 19/19 MP: 1/1
    79 | D:1      | Reached XP level 2. HP: 26/27 MP: 2/2
   472 | D:2      | Reached skill level 3 in Axes
   501 | D:2      | Reached XP level 3. HP: 32/33 MP: 3/3
  1445 | D:2      | Reached XP level 4. HP: 40/40 MP: 4/4
  1488 | D:3      | Reached skill level 4 in Axes
  1493 | D:3      | Reached XP level 5. HP: 40/46 MP: 5/5
  1756 | D:3      | Reached skill level 5 in Axes
  2230 | D:4      | Got a shimmering copper ring
  2238 | D:4      | Identified the ring of Enwint {+Fly rN++ AC+4} (You found
                  | it on level 4 of the Dungeon)
  2252 | D:4      | Found Isybb's General Store.
  2315 | D:4      | Reached XP level 6. HP: 37/53 MP: 6/6
  2579 | D:4      | Reached skill level 6 in Axes
  2733 | D:4      | Got a pair of pitted gloves
  2739 | D:4      | Identified the +1 pair of gloves of the Armoured One {-Tele
                  | rPois MR- Dex+7} (You found it on level 4 of the Dungeon)
  2778 | D:4      | Noticed a phantom
  2811 | D:4      | Killed a phantom
  2811 | D:4      | Reached XP level 7. HP: 41/60 MP: 7/7
  3070 | D:4      | Reached skill level 1 in Dodging
  3131 | D:4      | Reached skill level 5 in Fighting
  3308 | D:5      | Entered Level 5 of the Dungeon
  3587 | D:5      | Noticed Menkaure
  3595 | D:5      | Reached skill level 7 in Axes
  3595 | D:5      | Reached skill level 5 in Armour
  3602 | D:5      | Killed Menkaure
  3602 | D:5      | Reached skill level 1 in Throwing
  3602 | D:5      | Reached skill level 5 in Shields
  3928 | D:5      | Reached XP level 8. HP: 67/68 MP: 8/8
  4173 | D:6      | Reached skill level 8 in Axes
  4217 | D:6      | Found a staircase to the Ecumenical Temple.
  4501 | D:6      | Noticed Duvessa
  4502 | D:6      | Noticed Dowan
  4515 | D:6      | Killed Duvessa
  4515 | D:6      | Reached skill level 9 in Axes
  4517 | D:6      | Killed Dowan
  4894 | D:6      | Reached XP level 9. HP: 53/75 MP: 9/9
  5042 | D:6      | Found Xibeg's Weapon Shop.
  5093 | D:6      | Reached skill level 10 in Axes
  5480 | D:7      | Found a burning altar of Makhleb.
  6230 | D:8      | Found a runed translucent gate.
  6230 | D:8      | Found a runed translucent gate.
  6230 | D:8      | Found a runed translucent gate.
  6283 | D:8      | Noticed Jabberih's ghost (novice DrTm)
  6314 | D:8      | Killed Jabberih's ghost
  6314 | D:8      | Reached skill level 11 in Axes
  6314 | D:8      | Reached XP level 10. HP: 76/84 MP: 10/10
  6504 | D:8      | Reached skill level 12 in Axes
  6521 | D:8      | Noticed a gargoyle
  6530 | D:8      | Killed a gargoyle
  6726 | D:8      | Noticed Joseph
  6742 | D:8      | Killed Joseph
  6743 | D:8      | Found a staircase to the Lair.
  6796 | Temple   | Entered the Ecumenical Temple
  6821 | Temple   | Became a worshipper of Trog the Wrathful
  7527 | Lair:1   | Entered Level 1 of the Lair of Beasts
  7697 | Lair:1   | Reached skill level 13 in Axes
  7804 | Lair:1   | Noticed an oklob plant
  7804 | Lair:1   | Noticed an oklob plant
  7804 | Lair:1   | Noticed an oklob plant
  8057 | Lair:1   | Reached XP level 11. HP: 49/95 MP: 11/11
  8431 | Lair:1   | Noticed a four-headed hydra
  8442 | Lair:1   | Killed a four-headed hydra
  8442 | Lair:1   | Reached skill level 14 in Axes
  9031 | Lair:2   | Reached skill level 1 in Maces & Flails
  9288 | Lair:2   | Reached * piety under Trog
  9405 | Lair:2   | Noticed Gastronok
  9407 | Lair:2   | Noticed Nergalle
  9424 | Lair:2   | Killed Gastronok
  9428 | Lair:2   | Killed Nergalle
  9662 | Lair:2   | Reached skill level 15 in Axes
 10037 | Lair:3   | Reached skill level 10 in Fighting
 10041 | Lair:3   | Quit the game

Skill      XL: |  1  2  3  4  5  6  7  8  9 10 11 |
---------------+----------------------------------+-----
Axes           | 3 4 5 6 7 9 11 13 15 | 15.2
Armour         | 4 5 6 7 8 |  8.7
Fighting       | 4 5 6 8 10 | 10.0
Shields        | 4 5 6 7 8 9 |  9.3
Dodging        | 1 2 3 |  3.0
Throwing       | 1 2 |  2.1
Maces & Flails | 2 |  2.3
Stealth        | |  0.9

Action                   |  1- 3 |  4- 6 |  7- 9 | 10-12 || total
-------------------------+-------+-------+-------+-------++-------
Melee: War axe           |    82 |   139 |   323 |   325 ||   869
       Flail             |       |       |       |     7 ||     7
Throw: Tomahawk          |     5 |     4 |     8 |    18 ||    35
Invok: Berserk           |       |       |       |     1 ||     1
  Use: Scroll            |     2 |     3 |     2 |     7 ||    14
       Potion            |       |       |     1 |       ||     1
  Eat: Chunk             |     1 |     2 |     9 |     7 ||    19
       Ration            |       |     1 |     2 |     2 ||     5
Armor: Scale mail        |    33 |    95 |    61 |       ||   189
       Chain mail        |       |       |   102 |   102 ||   204
       Plate armour      |       |       |       |    44 ||    44
Dodge: Dodged            |    33 |    38 |    87 |    93 ||   251
Block: Shield            |    43 |    90 |   182 |   167 ||   482
